 Dungeon Crawl Stone Soup version 0.20-a0-958-g783e32d (webtiles) character file.

11 M4edhros the Grave Robber (level 2, -3/18 HPs)
             Began as an Octopode Necromancer on Apr 6, 2017.
             Slain by an adder (5 damage)
             ... on level 2 of the Dungeon.
             The game lasted 00:01:15 (393 turns).

M4edhros the Grave Robber (Octopode Necromancer)     Turns: 393, Time: 00:01:16

Health: -3/18      AC:  1    Str:  7    XL:     2   Next: 25%
Magic:  0/5        EV: 13    Int: 17    God:
Gold:   20         SH:  0    Dex: 12    Spells: 3/5 levels left

rFire    . . .     SeeInvis .   (no weapon)
rCold    . . .     Gourm    .   (no shield)
rNeg     . . .     Faith    .   (helmet restricted)
rPois    .         Spirit   .   (no amulet)
rElec    .         Reflect  .   (no ring)
rCorr    .         Harm     .   (no ring)
MR       .....                  (no ring)
Stlth    +++.......             (no ring)
Regen    0.1/turn               (no ring)
MPRegen  0.1/turn               (no ring)
                                (no ring)
                                (no ring)

@: no status effects
A: almost no armour, stealthy swim, amphibious, 8 rings, constrict 8, camouflage
1, gelatinous body 1
a: no special abilities


You were on level 2 of the Dungeon.
You were not hungry.

You visited 1 branch of the dungeon, and saw 2 of its levels.

You collected 20 gold pieces.

Inventory:

Scrolls
 c - 2 scrolls of magic mapping {unknown}
 e - a scroll of identify {unknown}
Potions
 d - a potion of cancellation {unknown}
Books
 a - a book of Necromancy

   Spells                             Type                      Level
   a - Pain                           Necromancy                   1
   b - Animate Skeleton               Necromancy                   1
   c - Vampiric Draining              Necromancy                   3
   d - Regeneration                   Charms/Necromancy            3
   e - Animate Dead                   Necromancy                   4
   f - Control Undead                 Necromancy                   4
Comestibles
 b - a bread ration
 f - 2 chunks of flesh


   Skills:
 + Level 1.1 Fighting
 + Level 2.0 Dodging
 + Level 3.0 Stealth
 * Level 0.8 Unarmed Combat
 - Level 2.0 Spellcasting
 - Level 4.0 Necromancy


You had 3 spell levels left.
You knew the following spells:

 Your Spells              Type           Power        Failure   Level  Hunger
a - Pain                  Necr           ###.         3%          1    #......
b - Animate Skeleton      Necr           N/A          3%          1    #......


Dungeon Overview and Level Annotations

Branches:
Dungeon (2/15)

Altars:


Innate Abilities, Weirdness & Mutations

You cannot wear most types of armour.
You are very stealthy in the water. (Stealth+)
You are amphibious.
You can wear up to eight rings at the same time.
You can use your tentacles to constrict eight enemies at once.
Your skin changes colour to match your surroundings (Stealth+).
Your rubbery body absorbs attacks. (AC +1, EV +1)


Message History

You swap places.
The adder bites your kobold skeleton. x2
Your kobold skeleton is destroyed!
Casting: Pain
Confirm with . or Enter, or press ? or * to list all spells.
Aiming: Pain
Press: ? - help, Shift-Dir - straight line, f/p - adder
Aim: an adder (lightly wounded, chance to defeat MR: 80%)
The adder writhes in agony!
Casting: Pain
Confirm with . or Enter, or press ? or * to list all spells.
Aiming: Pain
Press: ? - help, Shift-Dir - straight line, f/p - adder
Aim: an adder (lightly wounded, chance to defeat MR: 80%)
The adder writhes in agony!
The adder bites you.
* * * LOW HITPOINT WARNING * * *
Your goblin skeleton hits the adder.
You barely miss the adder. Your grab misses the adder.
The adder is almost dead.
The adder bites you.
You die...

###..........##
..............
###..........######
.............##...#
........... #...#
#.....# #...#
...#..)..# #...#
.......ZS.#####...#####
.........@.............
......###.#####...####
..................+
....#####.#####...#
....#####.# #####
#######.....#
#.....#.....####
######.....#........#
...........##.......#


You could see an adder and a friendly goblin skeleton.

Vanquished Creatures
  2 dart slugs (D:1)
  A kobold (D:2)
  3 bats (D:2)
  A goblin (D:2)
  A rat (D:2)
8 creatures vanquished.

Notes
Turn   | Place    | Note
-------+----------+-------------------------------------------
     0 | D:1      | M4edhros the Octopode Necromancer began the quest for the Orb.
     0 | D:1      | Reached XP level 1. HP: 11/11 MP: 3/3
   269 | D:2      | Reached XP level 2. HP: 7/18 MP: 3/5
   325 | D:2      | Reached skill level 1 in Fighting
   355 | D:2      | Learned a level 1 spell: Animate Skeleton
   393 | D:2      | Slain by an adder

Vault maps used:
D:1:      scummos_arrival_star
D:2:      nicolae_overflow_hidden_temple

Skill      XL: |  1  2 |
---------------+-------+-----
Stealth        | 3 |  3.0
Fighting       | 1 |  1.1
Dodging        | |  2.0
Unarmed Combat | |  0.8
Spellcasting   | |  2.0
Necromancy     | |  4.0

Action                   || total
-------------------------++-------
Melee: Unarmed           ||    16
       Constrict         ||     6
       Tentacles         ||     2
 Cast: Pain              ||    14
       Animate Skeleton  ||     2
Armor: Skin              ||     4
Dodge: Dodged            ||    18
